 Dungeon Crawl Stone Soup version 0.25.0-9-g26727b6 (webtiles) character file.

Game seed: 1529081937412369756

324 Brutalitops the Cutter (level 6, -1/36 HPs)
             Began as a Deep Elf Warper on June 20, 2020.
             Was a Believer of Wu Jian.
             Slain by a worker ant (2 damage)
             ... on level 4 of the Dungeon.
             The game lasted 00:30:36 (8236 turns).

Brutalitops the Cutter (Deep Elf Warper)            Turns: 8236, Time: 00:30:37

Health: -1/36      AC:  4    Str:  8    XL:     6   Next: 23%
Magic:  8/13       EV: 13    Int: 20    God:    Wu Jian [**....]
Gold:   203        SH:  0    Dex: 14    Spells: 7/12 levels left

rFire    + . .     SeeInvis .   l - +0 rapier
rCold    . . .     Gourm    .   (no shield)
rNeg     . . .     Faith    .   b - +0 leather armour
rPois    .         Spirit   .   (no helmet)
rElec    .         Reflect  .   (no cloak)
rCorr    .         Harm     .   p - +0 pair of gloves
MR       .....                  (no boots)
Stlth    +++.......             (no amulet)
HPRegen  0.12/turn              e - ring of protection from fire
MPRegen  0.13/turn              n - ring of stealth

@: lethally poisoned (-1 -> -5), very slightly contaminated
A: no striking features
a: Wall Jump, Renounce Religion


You were on level 4 of the Dungeon.
You worshipped Wu Jian.
Wu Jian was pleased with you.
You were not hungry.

You visited 1 branch of the dungeon, and saw 4 of its levels.

You collected 203 gold pieces.

Inventory:

Hand Weapons
 a - a +1 short sword
 l - a +0 rapier (weapon)
Missiles
 g - 123 stones (quivered)
Armour
 b - a +0 leather armour (worn)
 d - a +0 ring mail
 p - a +0 pair of gloves (worn)
Jewellery
 c - an uncursed ring of flight
 e - a ring of protection from fire (left hand)
 n - a ring of stealth (right hand)
Wands
 f - a wand of flame (26)
Scrolls
 i - a scroll of teleportation
 j - a scroll of identify
 k - a scroll of remove curse
Comestibles
 m - 3 rations


   Skills:
 + Level 2.5 Fighting
 + Level 4.0 Short Blades
 + Level 1.5 Throwing
 + Level 2.1 Armour
 + Level 3.9 Dodging
 + Level 2.0 Stealth
 + Level 3.5 Spellcasting
 * Level 3.4 Translocations


You had 7 spell levels left.
You knew the following spells:

 Your Spells              Type           Power        Failure   Level  Hunger
a - Blink                 Tloc           N/A          7%          2    ##.....
b - Teleport Other        Tloc           ###.....     14%         3    ###....

Your spell library contained the following spells:

 Spells                   Type           Power        Failure   Level  Hunger
 Shroud of Golubria       Chrm/Tloc      ##....       14%         2    ##.....
 Gell's Gravitas          Tloc           ###.......   14%         3    ###....
 Lesser Beckoning         Tloc           ###.......   14%         3    ###....
 Passage of Golubria      Tloc           N/A          41%         4    ####...


Dungeon Overview and Level Annotations

Branches:
Dungeon (4/15)
 Temple: D:4-7

Altars:
Hepliaklqana
Wu Jian


Message History

* * * LOW HITPOINT WARNING * * *
You feel sick.
* * * LOW HITPOINT WARNING * * *
You feel sick.
* * * LOW HITPOINT WARNING * * *
You feel sick.
Casting: Blink (safe; 7% risk of failure)
Confirm with . or Enter, or press ? or * to list all spells.
You miscast Blink.
You are very lightly contaminated with residual magic.
Nothing appears to happen.
The worker ant bites you.
* * * LOW HITPOINT WARNING * * *
Casting: Blink (safe; 7% risk of failure)
Confirm with . or Enter, or press ? or * to list all spells.
You blink.
* * * LOW HITPOINT WARNING * * *
You feel sick.
* * * LOW HITPOINT WARNING * * *
You feel sick. The worker ant bites you.
You die...

#.......+.....#......
#.......#.....#.....#
#.......#'#####.....#
#...>...............#
#...................#
#...................#
#.......[...........#
#.<....ยง............#
#.).@a..............#
#...................#
#..................##
#.................##
###############..##
#..# #..# #..# #..#


You could see a worker ant.

Vanquished Creatures
  An orc priest (D:3)
  A hound (D:2)
  3 worker ants (D:4)
  A hound skeleton (D:4)
  7 adders
  An ooze (D:2)
  2 worms
  A dart slug (D:1)
  6 leopard geckos
  10 orcs
  7 bats
  5 giant cockroaches
  8 goblins
  6 hobgoblins
  4 jackals (D:4)
  13 kobolds
  6 quokkas
  3 ball pythons (D:1)
  12 frilled lizards
  4 rats
101 creatures vanquished.

Notes
Turn   | Place    | Note
-------+----------+-------------------------------------------
     0 | D:1      | Brutalitops the Deep Elf Warper began the quest for the
                  | Orb.
     0 | D:1      | Reached XP level 1. HP: 12/12 MP: 6/6
    89 | D:1      | Reached XP level 2. HP: 6/17 MP: 8/8
   440 | D:1      | Reached skill level 1 in Stealth
  1081 | D:1      | Reached skill level 1 in Armour
  1748 | D:1      | Reached XP level 3. HP: 21/21 MP: 9/9
  1752 | D:1      | Learned a level 2 spell: Blink
  1789 | D:1      | Learned a level 3 spell: Teleport Other
  1988 | D:2      | Found an ornate altar of the Wu Jian Council.
  2025 | D:2      | Became a worshipper of the Wu Jian Council
  2103 | D:2      | Found a hazy altar of Hepliaklqana.
  2650 | D:2      | Reached XP level 4. HP: 23/26 MP: 10/10
  4594 | D:3      | Reached * piety under Wu Jian
  4978 | D:3      | Found a faded altar of an unknown god.
  5495 | D:3      | Reached XP level 5. HP: 10/31 MP: 11/11
  5815 | D:3      | Reached skill level 3 in Short Blades
  6751 | D:4      | Noticed an ogre
  6825 | D:4      | Noticed a phantom
  6897 | D:3      | Reached XP level 6. HP: 8/36 MP: 13/13
  7924 | D:3      | Reached ** piety under Wu Jian
  7924 | D:3      | Reached skill level 4 in Short Blades
  8236 | D:4      | HP: 1/36 [poisoned by a worker ant]
  8236 | D:4      | Slain by a worker ant

Illustrated notes

Levels and vault maps discovered:
D:1:      elethiomel_arrival_shortcut, layout_basic, kennysheep_another_room,
          roderic_lattice_a, minmay_small_reverse_x
D:2:      layout_basic, lemuel_round_altar, lemuel_round_altar, first_ration,
          minmay_misc_feat_chi, minmay_lizard_pond
D:3:      layout_loops_ring, chequers_ecumenical_altar_island
D:4:      kennysheep_big_flooded_room, layout_gridville, kennysheep_mini,
          minmay_misc_feat_enclosed

Skill      XL: |  1  2  3  4  5  6 |
---------------+-------------------+-----
Stealth        | 1 2 |  2.0
Dodging        | 3 |  3.9
Armour         | 1 2 |  2.1
Fighting       | 2 |  2.5
Short Blades   | 3 4 |  4.0
Throwing       | |  1.5
Spellcasting   | |  3.5
Translocations | |  3.4

Action                   |  1- 3 |  4- 6 || total
-------------------------+-------+-------++-------
Melee: Short sword       |   153 |   305 ||   458
       Rapier            |       |    80 ||    80
Throw: Boomerang         |     5 |       ||     5
       Stone             |    29 |    25 ||    54
       Dart              |       |    18 ||    18
 Cast: Blink             |       |     9 ||     9
       Teleport Other    |       |     9 ||     9
Invok: Lunge             |     1 |    22 ||    23
       Whirlwind         |       |   134 ||   134
 Abil: Wall Jump         |       |     2 ||     2
  Use: Scroll            |     3 |     8 ||    11
       Potion            |     1 |     5 ||     6
 Stab: Sleeping          |     2 |     2 ||     4
  Eat: Chunk             |     2 |    12 ||    14
       Ration            |     1 |     2 ||     3
Armor: Leather armour    |    23 |    80 ||   103
       Ring mail         |    12 |       ||    12
       Skin              |    14 |     5 ||    19
Dodge: Dodged            |    80 |   245 ||   325
